 Dungeon Sprint DCSS version 0.26-a0-1060-g086102a3f0 (webtiles) character file.

Game seed: 7599133046727135732

926 mhtbhm the Whirler (level 8, -2/57 HPs)
             Began as a Halfling Hunter on Dec 14, 2020.
             Was a Priest of Okawaru.
             Shot with an arrow by a centaur warrior (15 damage)
             ... in the Dungeon (Sprint IX: "|||||||||||||||||||||||||||||").
             The game lasted 00:02:01 (647 turns).

mhtbhm the Whirler (Halfling Hunter)                 Turns: 647, Time: 00:02:02

Health: -2/57      AC: 12    Str: 14    XL:     8   Next: 32%
Magic:  8/8        EV: 18    Int:  9    God:    Okawaru [***...]
Gold:   0          SH:  0    Dex: 16    Spells: 7/7 levels left

rFire    . . .     SeeInvis .   p - +2 rapier (venom)
rCold    . . .     Faith    .   (shield restricted)
rNeg     . . .     Spirit   .   b - +2 ring mail
rPois    .         Reflect  .   n - +0 helmet
rElec    .         Harm     .   (no cloak)
rCorr    .         Rampage  .   o - +0 pair of gloves
Will     .....     NoTele   +   (no boots)
Stlth    ++........             (no amulet)
HPRegen  0.19/turn              q - +2 ring of evasion
MPRegen  0.11/turn              r - +2 ring of protection

@: no status effects
A: small, mutation resistance 1
a: Heroism, Renounce Religion


You were in the Dungeon.
You worshipped Okawaru.
Okawaru was most pleased with you.
You visited 1 branch

Inventory:

Hand Weapons
 a - a +1 hunting sling
 p - a +2 rapier of venom (weapon)
Missiles
 d - 18 sling bullets
Armour
 b - a +2 ring mail (worn)
 c - a +0 leather armour
 n - a +0 helmet (worn)
 o - a +0 pair of gloves (worn)
Jewellery
 q - a +2 ring of evasion (left hand)
 r - a +2 ring of protection (right hand)
Wands
 m - a wand of acid (7)
Scrolls
 j - 2 scrolls of blinking
 k - 3 scrolls of remove curse
 l - 2 scrolls of amnesia
Potions
 e - 5 potions of curing
 f - a potion of invisibility
 g - a potion of haste
 h - 4 potions of magic
 i - a potion of heal wounds


   Skills:
 + Level 5.7 Fighting
 + Level 2.3 Short Blades
 + Level 18.9 Slings
 + Level 5.3 Armour
 + Level 5.1 Dodging
 + Level 3.6 Stealth
 + Level 1.4 Evocations


You had 7 spell levels left.
You didn't know any spells.
Your spell library was empty.

Dungeon Overview and Level Annotations

Branches:
Dungeon (1/1)

Altars:
Cheibriados
Dithmenos
Elyvilon
Fedhas
Gozag
Hepliaklqana
Kikubaaqudgha
Makhleb
Nemelex Xobeh
Okawaru
Qazlal
Ru
Sif Muna
Trog
Uskayaw
Vehumet
Wu Jian
Xom
Yredelemnul
Zin
The Shining One
Beogh
Jiyva
Lugonu


Innate Abilities, Weirdness & Mutations

You are small and have problems with some larger weapons.
You are somewhat resistant to further mutation.


Message History

The centaur warrior hits you but does no damage.
The centaur warrior hits you.
* * * LOW HITPOINT WARNING * * *
You puncture the centaur warrior!
The centaur warrior is severely wounded.
The centaur warrior misses you.
You barely miss the centaur warrior.
The centaur warrior is severely wounded.
The centaur warrior hits you but does no damage. x2
You hit the centaur warrior.
The centaur warrior is almost dead.
The centaur warrior closely misses you. The centaur warrior misses you.
You puncture the centaur warrior!
You kill the centaur warrior!
Okawaru is honoured by your kill. Something appears at your feet!
Okawaru grants you ammunition!
The centaur warrior wields a +0 shortbow.
The centaur warrior shoots an arrow.
The arrow hits you!
You die...

▓.▓
▓÷▓
▓.▓
▓)▓
▓.▓
▓.▓
▓.▓
▓(▓
▓@▓
▓)▓
▓c▓
▓B▓
▓o▓
▓F▓
▓Z▓
▓+▓


You could see a centaur warrior, an orc warrior, a bullfrog, a worker ant and an
adder zombie.

Vanquished Creatures
  A two-headed ogre (D)
  A centaur warrior (D)
  A necrophage (D)
  A bullfrog (D)
  2 hounds (D)
  2 orc wizards (D)
  2 shadow imps (D)
  An orc (D)
  A giant cockroach (D)
  A ball python (D)
  A goblin (D)
  A kobold (D)
  A quokka skeleton (D)
  A rat (D)
17 creatures vanquished.

Notes
Turn   | Place    | Note
-------+----------+-------------------------------------------
     0 | D        | mhtbhm the Halfling Hunter began the quest for the Orb.
     0 | D        | Reached XP level 1. HP: 14/14 MP: 1/1
     5 | D        | Reached skill level 6 in Slings
    11 | D        | Reached skill level 7 in Slings
    32 | D        | Noticed a hound
    32 | D        | Noticed an orc wizard
    35 | D        | Killed a hound
    36 | D        | Reached skill level 9 in Slings
    36 | D        | Reached XP level 2. HP: 4/20 MP: 2/2
    36 | D        | Reached XP level 3. HP: 6/25 MP: 3/3
    41 | D        | Reached skill level 10 in Slings
    48 | D        | Reached XP level 4. HP: 25/30 MP: 4/4
    51 | D        | Reached skill level 11 in Slings
    63 | D        | Found a roughly hewn altar of Beogh.
    63 | D        | Found a snail-covered altar of Cheibriados.
    63 | D        | Found a shadowy altar of Dithmenos.
    63 | D        | Found a white marble altar of Elyvilon.
    63 | D        | Found a blossoming altar of Fedhas.
    63 | D        | Found an opulent altar of Gozag.
    64 | D        | Found a hazy altar of Hepliaklqana.
    65 | D        | Found a viscous altar of Jiyva.
    66 | D        | Found an ancient bone altar of Kikubaaqudgha.
    67 | D        | Found a corrupted altar of Lugonu.
    68 | D        | Found a burning altar of Makhleb.
    69 | D        | Found a sparkling altar of Nemelex Xobeh.
    70 | D        | Found an iron altar of Okawaru.
    71 | D        | Found a stormy altar of Qazlal.
    72 | D        | Found a sacrificial altar of Ru.
    73 | D        | Found a shimmering blue altar of Sif Muna.
    78 | D        | Found a bloodstained altar of Trog.
    79 | D        | Found a hide-covered altar of Uskayaw.
    80 | D        | Found a radiant altar of Vehumet.
    81 | D        | Found an ornate altar of the Wu Jian Council.
    82 | D        | Became a worshipper of Warmaster Okawaru
    83 | D        | Found a shimmering altar of Xom.
    84 | D        | Found a basalt altar of Yredelemnul.
    85 | D        | Found a glowing silver altar of Zin.
    86 | D        | Found a glowing golden altar of the Shining One.
   240 | D        | Noticed a necrophage
   240 | D        | Noticed a two-headed ogre
   240 | D        | Noticed a bullfrog
   244 | D        | Killed a necrophage
   245 | D        | Reached skill level 1 in Short Blades
   245 | D        | Reached skill level 13 in Slings
   245 | D        | Reached skill level 1 in Armour
   245 | D        | Reached XP level 5. HP: 34/36 MP: 5/5
   248 | D        | Reached skill level 14 in Slings
   248 | D        | Reached XP level 6. HP: 39/43 MP: 6/6
   251 | D        | Reached * piety under Okawaru
   268 | D        | Reached skill level 15 in Slings
   275 | D        | Killed a two-headed ogre
   275 | D        | Reached ** piety under Okawaru
   275 | D        | Reached *** piety under Okawaru
   276 | D        | Reached skill level 5 in Fighting
   276 | D        | Reached skill level 18 in Slings
   276 | D        | Reached skill level 5 in Armour
   276 | D        | Reached skill level 5 in Dodging
   276 | D        | Reached skill level 1 in Evocations
   276 | D        | Reached XP level 7. HP: 10/51 MP: 7/7
   276 | D        | Reached XP level 8. HP: 11/57 MP: 8/8
   638 | D        | Noticed a centaur warrior
   638 | D        | Noticed a centaur warrior
   647 | D        | Killed a centaur warrior
   647 | D        | Received a gift from Okawaru
   647 | D        | Shot with an arrow by a centaur warrior

Illustrated notes

Levels and vault maps discovered:
D:        linesprint [early_d, line_temple, items_1, d_10, items_2, lair_1,
          lair_end, items_3, orc_1, orc_end, items_4, d_15, swamp_1, shoals_1,
          snake_1, spider_1, d_20, vaults_1, items_5, swamp_end, shoals_end,
          snake_end, spider_end, vaults_end, d_27, items_6, zot_1, zot_end,
          crypt_end, forest_end, elf_end, slime_end, tomb_end, abyss_end,
          pan_hell_end]

Skill      XL: |  1  2  3  4  5  6 |
---------------+-------------------+-----
Slings         | 9 10 13 14 18 | 18.9
Fighting       | 2 3 5 |  5.7
Dodging        | 3 5 |  5.1
Short Blades   | 1 2 |  2.3
Armour         | 1 5 |  5.3
Stealth        | 2 3 |  3.6
Evocations     | 1 |  1.4

Action                   |  1- 3 |  4- 6 |  7- 9 || total
-------------------------+-------+-------+-------++-------
Melee: Short sword       |     9 |     2 |       ||    11
       Rapier            |       |     4 |     8 ||    12
 Fire: Hunting sling     |    10 |    11 |       ||    21
Evoke: Wand              |       |     3 |       ||     3
  Use: Potion            |     2 |     1 |       ||     3
Armor: Leather armour    |     4 |       |       ||     4
       Ring mail         |       |       |     3 ||     3
Dodge: Dodged            |     2 |     9 |     4 ||    15

Table legend: (Time is in decaauts)
 A = Elapsed time spent in this place.
 B = Non-inter-level travel time spent in this place.
 C = Inter-level travel time spent in this place.
 D = Time resting spent in this place.
 E = Time spent auto-exploring this place.
 F = Levels seen in this place.
 G = Mean time per level.
                   A        B        C        D        E       F      G
               +--------+--------+--------+--------+--------+-----+--------+
         Total |    645 |    645 |      0 |    428 |      3 |   1 |  645.0 |
       Dungeon |    645 |    645 |      0 |    428 |      3 |   1 |  645.0 |
               +--------+--------+--------+--------+--------+-----+--------+

Top non-repeatable levels by time:
       D: 645 daAuts
